 Dungeon Crawl Stone Soup version 0.23.2-30-g0e89c35649 (webtiles) character file.

Game seed: 14723266768614278998

1007 HASTUR3 the Ruffian (level 8, -1/78 HPs)
             Began as a Troll Chaos Knight on June 18, 2019.
             Was a Plaything of Xom.
             Slain by Menkaure (13 damage)
             ... on level 6 of the Dungeon.
             The game lasted 00:16:27 (3757 turns).

HASTUR3 the Ruffian (Troll Chaos Knight)            Turns: 3757, Time: 00:16:27

Health: -1/78      AC: 10    Str: 21 (22) XL:     8   Next: 0%
Magic:  7/7        EV: 13    Int: 17      God:    Xom [..*...]
Gold:   187        SH:  0    Dex: 12      Spells: 7/7 levels left

rFire    + . .     SeeInvis .     - Unarmed
rCold    + . .     Gourm    +   (no shield)
rNeg     . . .     Faith    +   r - +2 robe {rC+ rF+}
rPois    .         Spirit   .   (helmet restricted)
rElec    .         Reflect  .   (no cloak)
rCorr    .         Harm     .   (gloves unavailable)
MR       .....                  (boots unavailable)
Stlth    +.........             e - amulet of faith
HPRegen  0.63/turn              n - +4 ring of intelligence
MPRegen  0.10/turn              y - +2 ring of evasion

@: brilliant, very slightly contaminated, drained, invisible
A: large, unfitting armour, claws 3, molten scales 1, agile 1, deterioration 1,
fast metabolism 3, gourmand, regeneration 1, screaming 1, shaggy fur 1, tough
skin 3, wild magic 1, sturdy frame 1
a: Renounce Religion


You were on level 6 of the Dungeon.
You worshipped Xom.
You were a toy of Xom.
You were very full.

You visited 1 branch of the dungeon, and saw 6 of its levels.

You collected 187 gold pieces.

Inventory:

Missiles
 d - 3 poisoned needles
Armour
 r - a +2 robe of resistance (worn)
Jewellery
 e - an amulet of faith (around neck)
 n - a +4 ring of intelligence (left claw)
 y - a +2 ring of evasion (right claw)
Scrolls
 c - 3 scrolls of remove curse
 i - 2 scrolls of immolation
 k - a scroll of fog
 l - 6 scrolls of identify
 q - 2 scrolls of teleportation
Potions
 f - 2 potions of magic {unknown}
 g - a potion of agility
 h - 2 potions of mutation {unknown}
 m - a potion of flight {unknown}
 o - a potion of lignification
 s - a potion of brilliance
 t - a potion of resistance {unknown}
 u - 2 potions of curing {unknown}
 w - a potion of heal wounds {unknown}
 z - a potion of ambrosia {unknown}
Comestibles
 b - 15 rations
 j - 4 chunks of flesh


   Skills:
 * Level 4.2(3.5) Fighting
 * Level 3.9(3.2) Dodging
 + Level 7.8(7.0) Unarmed Combat


You had 7 spell levels left.
You didn't know any spells.
Your spell library was empty.

Dungeon Overview and Level Annotations

Branches:
Dungeon (6/15)
 Temple: D:4-7

Altars:
Cheibriados
Dithmenos
Elyvilon
Qazlal
Ru
Vehumet

Shops:
D:5 (

Annotations:
D:6 Menkaure


Innate Abilities, Weirdness & Mutations

You are too large for most types of armour.
You have claws for hands.
Your metabolism is lightning-fast.
You like to eat raw meat.
Your natural rate of healing is unusually fast.
You are covered in fur. (AC +1)
You have extremely tough skin. (AC +3)
You are partially covered in molten scales. (AC +2)
You are agile. (Dex +2)
Your body sometimes deteriorates upon taking damage.
You occasionally shout uncontrollably at your foes.
Your spells are a little harder to cast, but a little more powerful.
Your movements are slightly less encumbered by armour. (ER -2)


Message History

It was a potion of invisibility.
You fade further into invisibility.
Menkaure completely misses you.
Menkaure calls on the powers of darkness!
The ice beast convulses!
Your body is wracked with pain!
* * * LOW HITPOINT WARNING * * *
The orc wizard convulses! x2; The orc convulses!
Something is bathed in an unholy light!
Okay, then.
Menkaure calls on the powers of darkness!
The ice beast convulses!
The orc wizard convulses!
Your body is wracked with pain!
* * * LOW HITPOINT WARNING * * *
The orc wizard convulses!
Something is bathed in an unholy light!
The orc convulses!
It was a potion of brilliance.
You feel clever all of a sudden. Menkaure hits you!
You die...
Xom thinks this is hilarious!

#### ###### .(.#
######....# ...#
#........## ...#
#........# ...#
#..<.....#
.(.#####)##.#o####
.)......oo.oY...>#
...##.##.......#M#
#####.###.######@# #.#
#.....##.# #.#
###.####.# #.# ##'####.#
#.#
#.....#.################
#.#
#.......(...............
#..............(########
####.#..................
#.+........#.#.#.#.#.


You could see Menkaure.

Vanquished Creatures
  Prince Ribbit (D:5)
  A phantom (D:4)
  An ogre (D:5)
  A water moccasin skeleton (D:4)
  A scorpion (D:4)
  2 crimson imps
  An orc priest (D:4)
  4 hounds
  An orc wizard (D:3)
  Jessica (D:3)
  An iguana (D:6)
  3 worker ants
  8 gnolls
  2 adders
  An ooze (D:4)
  3 adder skeletons
  2 worms (D:2)
  A dart slug (D:1)
  3 leopard geckos (D:5)
  14 orcs
  2 bats
  5 giant cockroaches
  3 goblins
  5 hobgoblins
  3 jackals (D:3)
  A quokka (D:6)
  A ball python (D:1)
  7 kobolds
  3 rats (D:2)
82 creatures vanquished.

Notes
Turn   | Place    | Note
-------+----------+-------------------------------------------
     0 | D:1      | HASTUR3 the Troll Chaos Knight began the quest for the Orb.
     0 | D:1      | Reached XP level 1. HP: 22/22 MP: 0/0
    30 | D:1      | You fall through a shaft!
   139 | D:2      | XOM: harmless Ice miscast
   175 | D:2      | Reached XP level 2. HP: 29/29 MP: 1/1
   208 | D:2      | Found a radiant altar of Vehumet.
   372 | D:2      | XOM: harmless Necr miscast
   630 | D:1      | Reached skill level 4 in Unarmed Combat
   843 | D:1      | XOM: medium Air miscast
   917 | D:1      | XOM: divination: magic mapping
  1005 | D:1      | XOM: medium Necr miscast
  1145 | D:2      | XOM: medium Ice miscast
  1206 | D:3      | Noticed a crimson imp
  1216 | D:3      | Reached XP level 3. HP: 32/36 MP: 2/2
  1262 | D:3      | Reached XP level 4. HP: 44/44 MP: 3/3
  1275 | D:3      | Reached skill level 5 in Unarmed Combat
  1394 | D:3      | Found a stormy altar of Qazlal.
  1397 | D:3      | Noticed an air elemental
  1397 | D:3      | Noticed a water elemental
  1398 | D:3      | Noticed an earth elemental
  1398 | D:3      | Noticed a fire elemental
  1405 | D:3      | XOM: mild Tmut miscast
  1455 | D:3      | XOM: harmless Conj miscast
  1538 | D:3      | XOM: cloud trail
  1629 | D:3      | XOM: harmless Chrm miscast
  1807 | D:3      | Found a snail-covered altar of Cheibriados.
  1843 | D:3      | Noticed Jessica
  1847 | D:3      | Killed Jessica
  1847 | D:3      | Reached XP level 5. HP: 50/50 MP: 4/4
  1864 | D:3      | XOM: give mutations
  1864 | D:3      | Gained mutation: Your spells are a little harder to cast,
                  | but a little more powerful. [Xom's grace]
  1864 | D:3      | Gained mutation: Your movements are slightly less
                  | encumbered by armour. (ER -2) [Xom's grace]
  1864 | D:3      | Gained mutation: You are partially covered in molten
                  | scales. (AC +2) [Xom's grace]
  1864 | D:3      | Gained mutation: You are agile. (Dex +2) [Xom's grace]
  2031 | D:4      | Reached skill level 6 in Unarmed Combat
  2147 | D:4      | XOM: enchant monster (bad)
  2178 | D:4      | XOM: 4-stop teleportation journey
  2194 | D:4      | XOM: smoke on damage
  2215 | D:4      | XOM: swap monsters
  2218 | D:4      | Reached XP level 6. HP: 52/59 MP: 5/5
  2230 | D:4      | Reached skill level 7 in Unarmed Combat
  2476 | D:4      | Found a shadowy altar of Dithmenos.
  2508 | D:4      | Found a sacrificial altar of Ru.
  2549 | D:4      | XOM: enchant monster (bad)
  2553 | D:4      | XOM: blink monster(s)
  2561 | D:4      | Reached XP level 7. HP: 67/67 MP: 6/6
  2658 | D:5      | Entered Level 5 of the Dungeon
  2667 | D:5      | XOM: medium Air miscast
  2727 | D:5      | Noticed Prince Ribbit
  2731 | D:5      | XOM: noise
  2736 | D:5      | Killed Prince Ribbit
  2795 | D:5      | Found Miugiat's Antique Weapon Shop.
  2993 | D:5      | XOM: medium Hex miscast
  3188 | D:5      | XOM: 7-stop teleportation journey
  3220 | D:5      | XOM: give mutation
  3220 | D:5      | Gained mutation: Your body sometimes deteriorates upon
                  | taking damage. [Xom's mischief]
  3238 | D:5      | XOM: torment (35/68 hp)
  3392 | D:5      | XOM: harmless Hex miscast
  3404 | D:5      | XOM: summons 4 hostile shadow creatures
  3507 | D:6      | Found a snail-covered altar of Cheibriados.
  3517 | D:6      | Noticed Menkaure
  3533 | D:6      | XOM: draining
  3544 | D:6      | XOM: 1-stop teleportation journey
  3560 | D:6      | Found a white marble altar of Elyvilon.
  3582 | D:6      | XOM: give mutation
  3612 | D:6      | XOM: mild Chrm miscast
  3711 | D:6      | Reached XP level 8. HP: 77/78 MP: 7/7
  3719 | D:6      | XOM: give mutation
  3719 | D:6      | Gained mutation: You occasionally shout uncontrollably at
                  | your foes. [Xom's mischief]
  3728 | D:6      | XOM: stat loss: -1 Str (21/22)
  3731 | D:6      | XOM: confusion
  3736 | D:6      | XOM: mild Ice miscast
  3740 | D:6      | XOM: potion effect (invisibility)
  3757 | D:6      | Slain by Menkaure

Skill      XL: |  1  2  3  4  5  6  7 |
---------------+----------------------+-----
Unarmed Combat | 4 5 6 7 |  7.8
Dodging        | 2 3 |  3.9
Fighting       | 3 4 |  4.2

Action                   |  1- 3 |  4- 6 |  7- 9 || total
-------------------------+-------+-------+-------++-------
Melee: Unarmed           |    76 |   118 |    94 ||   288
       Punch             |       |     2 |     5 ||     7
Throw: Stone             |    11 |       |       ||    11
  Use: Scroll            |       |       |    10 ||    10
       Potion            |       |       |     4 ||     4
 Stab: Sleeping          |       |     1 |     1 ||     2
       Paralysed         |       |       |     3 ||     3
       Invisible         |       |       |     1 ||     1
  Eat: Chunk             |    14 |    15 |    10 ||    39
Armor: Robe              |    36 |    41 |    25 ||   102
       Skin              |       |       |     2 ||     2
Dodge: Dodged            |    41 |    62 |    61 ||   164
